Map: Backwater LE

Players

SpeCial - Winner!

  • Race: Terran Terran
  • League: Master
  • Spawn Location: 5:00

JonSnow

  • Race: Zerg Zerg
  • League: Master
  • Spawn Location: 11:00

VOD

Have the link to the VOD?

Description

Time

  • Played on: Feb. 3, 2018, 4:27 p.m.
  • Length: 9:45
Show
View Real Time Build Order
Export as new Build Order

SpeCial Terran - Winner!

Build Orders: Reaper Expand, Hellion Banshee, MMM Bio 

Get SALT Encoding   

  12  0:00  SCV  
  13  0:13  SCV  
  14  0:19  Supply Depot  
  14  0:25  SCV  
  15  0:40  SCV  
  15  0:42  Barracks  
  16  0:43  Refinery  
  16  0:52  SCV  
  17  1:04  SCV  
  18  1:16  SCV  
  19  1:29  Reaper  
  19  1:30  Orbital Command  
  20  1:40  Command Center  
  20  1:56  Supply Depot, SCV  
  20  2:01  Marine  
  21  2:05  Factory  
  21  2:08  SCV  
  23  2:12  Refinery  
  23  2:20  Barracks Reactor, SCV  
  24  2:32  SCV  
  25  2:44  SCV  
  26  2:51  Starport  
  26  2:52  Orbital Command  
  26  2:56  SCV  
  27  3:02  Hellion x2  
  31  3:08  SCV  
  32  3:19  SCV  
  33  3:20  SCV  
  33  3:23  Widow Mine x2  
  38  3:28  Medivac  
  38  3:31  SCV  
  38  3:32  Supply Depot, SCV  
  42  3:41  Supply Depot, Barracks Tech Lab  
  42  3:43  SCV  
  42  3:45  SCV, Hellion  
  46  3:54  Hellion  
  46  3:55  SCV  
  49  3:57  SCV  
  50  4:07  SCV  
  50  4:09  SCV  
  51  4:10  Cloaking Field, Banshee  
  51  4:16  Hellion x2  
  58  4:19  SCV, Marine  
  58  4:21  SCV  
  61  4:26  Supply Depot  
  61  4:27  Bunker  
  61  4:31  SCV  
  61  4:33  SCV  
  62  4:42  Hellion  
  62  4:44  SCV  
  62  4:48  SCV, Hellion  
  62  4:57  SCV, Banshee  
  64  5:00  SCV  
  64  5:05  Barracks Tech Lab  
  65  5:09  SCV  
  65  5:12  SCV  
  65  5:18  Supply Depot  
  65  5:19  Command Center  
  65  5:21  SCV  
  66  5:23  Marine  
  66  5:24  SCV  
  66  5:25  Stimpack  
  68  5:31  Barracks  
  68  5:32  Barracks  
  68  5:33  SCV  
  69  5:36  SCV  
  69  5:39  Factory Reactor  
  69  5:41  Marine  
  69  5:42  Engineering Bay  
  71  5:43  Engineering Bay  
  71  5:45  SCV  
  71  5:48  SCV  
  69  5:55  Refinery  
  69  5:56  Refinery  
  63  5:57  SCV  
  63  5:59  Marine  
  63  6:00  SCV  
  63  6:01  Starport Reactor  
  60  6:09  SCV  
  61  6:12  SCV  
  61  6:15  Terran Infantry Armor Level 1, Terran Infantry Weapons Level 1  
  61  6:17  Marine  
  61  6:18  Barracks x2  
  63  6:21  SCV  
  63  6:24  SCV  
  63  6:25  Supply Depot  
  65  6:29  Marine x3  
  65  6:30  Marine  
  69  6:33  SCV, Orbital Command  
  69  6:35  Marine  
  69  6:36  SCV  
  69  6:45  SCV, Siege Tank  
  71  6:47  Marine x4  
  71  6:49  SCV  
  76  6:55  Medivac  
  76  6:57  Supply Depot  
  76  6:58  SCV  
  76  7:01  SCV  
  78  7:07  Medivac  
  80  7:10  SCV  
  80  7:11  Barracks Reactor x2  
  80  7:12  Marine x3  
  80  7:13  SCV, Marine  
  80  7:14  Marine  
  87  7:17  SCV  
  87  7:22  SCV  
  89  7:25  SCV  
  89  7:26  Siege Tank  
  89  7:29  SCV  
  94  7:30  Marine x4  
  94  7:31  Marine  
  94  7:33  Combat Shields  
  94  7:34  SCV  
  94  7:35  Supply Depot  
  100  7:37  Supply Depot, SCV  
  101  7:50  Refinery x2  
  101  7:51  Supply Depot  
  101  7:57  SCV x2, Marine x4, Medivac  
  109  7:58  Armory  
  109  7:59  SCV, Marine x5, Medivac  
  109  8:04  Supply Depot  
  109  8:05  Supply Depot  
  117  8:09  SCV x2  
  117  8:11  SCV  
  117  8:13  Supply Depot  
  117  8:14  Marine x4  
  117  8:16  Marine x4  
  125  8:26  Siege Tank, Marine  
  129  8:27  Medivac  
  129  8:29  Medivac  
  129  8:32  Marine x4  
  137  8:34  Marine x2  
  137  8:37  Supply Depot  
  137  8:39  Missile Turret  
  139  8:45  Marine  
  139  8:46  Factory  
  139  8:47  Factory, Command Center  
  140  8:53  Marine  
  141  8:57  Marine  
  141  9:01  Marine x2  
  144  9:04  Marine  
  144  9:09  Siege Tank  
  145  9:11  Marine x5  
  145  9:12  Medivac x2  
  145  9:15  Marine  
  153  9:18  Marine x2  
  153  9:22  Marine  
Show
View Real Time Build Order
Export as new Build Order

JonSnow Zerg 

Build Orders: Hatch First 

Get SALT Encoding   

  12  0:01  Drone  
  13  0:12  Overlord  
  13  0:17  Drone  
  14  0:31  Drone x2  
  14  0:35  Drone  
  17  0:52  Hatchery  
  17  0:55  Drone  
  17  0:58  Drone  
  18  1:05  Extractor  
  17  1:14  Spawning Pool  
  17  1:18  Drone  
  17  1:22  Drone  
  18  1:30  Drone  
  19  1:42  Drone  
  20  1:49  Overlord  
  20  2:00  Drone  
  21  2:03  Queen  
  21  2:04  Queen  
  21  2:05  Zergling x2  
  21  2:08  Metabolic Boost  
  26  2:14  Zergling x2  
  27  2:29  Hatchery  
  25  2:37  Spore Crawler  
  25  2:39  Drone, Extractor  
  25  2:49  Drone x3  
  25  2:50  Drone x2  
  31  2:54  Drone  
  32  2:59  Queen  
  34  3:07  Evolution Chamber, Drone  
  34  3:10  Overlord  
  34  3:21  Overlord  
  34  3:29  Zergling x12  
  34  3:30  Zergling x2  
  41  3:39  Zergling x2  
  42  3:41  Drone x2  
  44  3:53  Drone x3  
  44  3:54  Drone x4  
  51  3:59  Drone x2  
  53  4:03  Drone  
  54  4:13  Overlord  
  54  4:15  Queen  
  54  4:16  Queen  
  57  4:36  Drone x3  
  57  4:37  Drone  
  57  4:38  Drone x2  
  63  4:39  Drone x2  
  63  4:45  Spore Crawler  
  59  4:53  Spore Crawler  
  59  4:57  Drone x10  
  59  4:59  Drone  
  66  5:00  Spore Crawler  
  66  5:05  Zergling x2  
  66  5:10  Queen, Extractor  
  66  5:11  Overlord x2, Lair, Extractor  
  66  5:17  Overlord  
  66  5:18  Spore Crawler  
  66  5:19  Drone  
  66  5:21  Baneling Nest  
  65  5:23  Overlord  
  65  5:25  Drone  
  65  5:26  Overlord  
  66  5:28  Extractor  
  66  5:29  Drone  
  66  5:33  Zergling x14  
  70  5:45  Zergling x6  
  67  5:54  Drone x5  
  67  5:58  Evolution Chamber  
  67  6:00  Drone x2  
  67  6:02  Drone x3  
  67  6:03  Drone x2  
  70  6:05  Drone x2  
  70  6:07  Extractor x2  
  70  6:08  Overseer  
  68  6:13  Drone  
  68  6:18  Drone x2  
  66  6:28  Drone x3  
  67  6:35  Drone x3  
  67  6:38  Drone x2  
  67  6:39  Drone  
  72  6:43  Drone  
  72  6:44  Zerg Melee Weapons Level 1  
  72  6:46  Zerg Ground Armor Level 1  
  71  6:48  Overlord  
  71  6:51  Drone x2  
  70  6:55  Drone x3  
  70  6:57  Centrifical Hooks  
  70  7:00  Drone  
  72  7:02  Hydralisk Den  
  72  7:05  Drone x2  
  73  7:11  Overlord  
  72  7:16  Drone  
  72  7:17  Drone  
  72  7:18  Drone  
  72  7:19  Overlord  
  72  7:22  Drone  
  76  7:31  Zergling x2  
  76  7:32  Zergling x10  
  76  7:33  Grooved Spines  
  76  7:35  Hatchery  
  81  7:40  Drone  
  81  7:47  Queen  
  81  7:50  Baneling  
  81  7:51  Baneling x3  
  80  7:53  Queen  
  80  7:57  Hydralisk x10  
  100  7:58  Zergling x2  
  100  8:01  Drone  
  100  8:03  Drone  
  100  8:09  Infestation Pit  
  99  8:13  Baneling x8  
  99  8:15  Zergling x16  
  108  8:20  Zergling x4  
  108  8:25  Zergling x8  
  113  8:28  Drone  
  113  8:30  Drone  
  115  8:34  Drone  
  116  8:42  Drone x3  
  116  8:43  Drone x3  
  116  8:46  Hatchery  
  121  8:53  Zergling x2  
  122  8:58  Overlord  
  118  9:13  Zergling x8  
  115  9:19  Hydralisk x3  
  115  9:20  Hydralisk, Zergling x2  
  115  9:21  Zergling x10  
Tags
 
Add a new tag
Caveats
  • Supply blocks, unpowered buildings, or Contaminate may cause inaccurate times.
  • Supply counts are checked every 10 seconds.